 Dungeon Crawl Stone Soup version 0.28-a0-1234-g826d19b2e0 (webtiles) character file.

Game seed: 5506446311439339908

23 vineage the Skirmisher (level 2, -2/28 HPs)
             Began as a Minotaur Fighter on Dec 23, 2021.
             Slain by a goblin (3 damage)
             ... led by Robin
             ... on level 2 of the Dungeon.
             The game lasted 00:00:36 (634 turns).

vineage the Skirmisher (Minotaur Fighter)            Turns: 634, Time: 00:00:38

Health: -2/28      AC:  6    Str: 20    XL:     2   Next: 72%
Magic:  1/1        EV:  9    Int:  5    God:
Gold:   52         SH:  4    Dex:  9    Spells: 1/1 levels left

rFire   . . .      SeeInvis .   a - +0 long sword
rCold   . . .      Faith    .   c - +0 buckler
rNeg    . . .      Spirit   .   b - +0 scale mail
rPois   .          Reflect  .   (helmet restricted)
rElec   .          Harm     .   (no cloak)
rCorr   .          Rampage  .   (no gloves)
Will    .....                   (no boots)
Stlth   ..........              (no amulet)
HPRegen 0.09/turn               (no ring)
MPRegen 0.07/turn               (no ring)

@: no status effects
A: horns 2, retaliatory headbutt
a: no special abilities


You were on level 2 of the Dungeon.
You visited 1 branch of the dungeon, and saw 2 of its levels.

You collected 52 gold pieces.

Inventory:

Hand Weapons
 a - a +0 long sword (weapon)
Armour
 b - a +0 scale mail (worn)
 c - a +0 buckler (worn)
Jewellery
 f - an amulet of magic regeneration
Scrolls
 g - a scroll of vulnerability {unknown}
Potions
 d - a potion of might
 e - a potion of attraction {unknown}


   Skills:
 + Level 4.9 Fighting
 - Level 2.4 Long Blades
 - Level 3.6 Armour
 - Level 3.6 Shields


You had one spell level left.
You didn't know any spells.
Your spell library was empty.

Dungeon Overview and Level Annotations

Branches:
Dungeon (2/15)

Altars:

Annotations:
D:2 Robin


Innate Abilities, Weirdness & Mutations

You have a pair of horns on your head.
You reflexively headbutt those who attack you in melee.


Message History

The goblin hits you with a +0 club.
A goblin comes into view. It is wielding a +0 dagger.
Robin throws the goblin at you!
You barely miss the goblin. You block the goblin's attack. x2
Robin throws the goblin at you! The goblin barely misses you.
The goblin hits you with a +0 club. The goblin barely misses you. x2
You closely miss the hobgoblin. The hobgoblin closely misses you.
You block the goblin's attack. The goblin hits you with a +0 dagger.
You block the goblin's attack. The goblin hits you but does no damage.
The goblin misses you.
The hobgoblin hits you but does no damage.
You closely miss the hobgoblin. The goblin hits you with a +0 dagger.
The goblin barely misses you. The goblin misses you.
You block the goblin's attack. x2; The hobgoblin hits you.
You are too injured to fight recklessly!
You are too injured to fight recklessly!
You are too injured to fight recklessly!
You are too injured to fight recklessly!
You are too injured to fight recklessly!
You are too injured to fight recklessly!
You are too injured to fight recklessly!
You are too injured to fight recklessly!
You are too injured to fight recklessly!
You are too injured to fight recklessly!
You are too injured to fight recklessly!
Unknown command.
You hit the goblin.
You kill the goblin!
The goblin hits you with a +0 dagger. The goblin completely misses you.
The goblin barely misses you. The goblin hits you with a +0 club.
Robin throws the goblin at you! The hobgoblin barely misses you.
You block the goblin's attack.
You slash the goblin!
You kill the goblin!
The goblin hits you with a +0 dagger.
* * * LOW HITPOINT WARNING * * *
You block the goblin's attack. The goblin hits you with a +0 club.
* * * LOW HITPOINT WARNING * * *
The goblin hits you with a +0 club.
You die...

..........# ..
..........#..
..........#.
..........g
..........#
.......g..#
......ggg.#
......g@g.#
#######)###
#.# ###'##
#....#######
#..........#
#.(........#
#..........#
#..........###


You could see Robin, 2 hobgoblins and 4 goblins.

Vanquished Creatures
  2 ball pythons (D:1)
  An endoplasm (D:1)
  3 giant cockroaches (D:1)
  4 goblins
  3 kobolds (D:1)
  2 quokkas (D:1)
  5 bats (D:1)
  A frilled lizard (D:1)
21 creatures vanquished.

Notes
Turn   | Place    | Note
-------+----------+-------------------------------------------
     0 | D:1      | vineage the Minotaur Fighter began the quest for the Orb.
     0 | D:1      | Reached XP level 1. HP: 19/19 MP: 0/0
    23 | D:1      | Reached skill level 4 in Fighting
   193 | D:1      | Reached XP level 2. HP: 24/28 MP: 1/1
   307 | D:1      | Found a faded altar of an unknown god.
   626 | D:2      | Noticed Robin
   634 | D:2      | HP: 1/28 [goblin[Robin] (6)]
   634 | D:2      | Slain by a goblin

Illustrated notes

Levels and vault maps discovered:
D:1:      amcnicky_arrival_gap_in_the_tavern_cellar, layout_rooms,
          shapermc_ecumenical_altar_mp_ritualfount, minivault_14
D:2:      layout_basic, minmay_ruptured, uniq_natasha, uniq_terence, uniq_robin

Skill      XL: |  1 |
---------------+----+-----
Fighting       | 4 |  4.9
Long Blades    | |  2.4
Armour         | |  3.6
Shields        | |  3.6

Action                   || total
-------------------------++-------
Melee: Long sword        ||    45
       Headbutt          ||     7
Armor: Scale mail        ||    28
Dodge: Dodged            ||    33
Block: Buckler           ||    26

Table legend: (Time is in decaauts)
 A = Elapsed time spent in this place.
 B = Non-inter-level travel time spent in this place.
 C = Inter-level travel time spent in this place.
 D = Time resting spent in this place.
 E = Time spent auto-exploring this place.
 F = Levels seen in this place.
 G = Mean time per level.
                   A        B        C        D        E       F      G
               +--------+--------+--------+--------+--------+-----+--------+
         Total |    647 |    625 |     22 |      0 |    505 |   2 |  323.5 |
       Dungeon |    647 |    625 |     22 |      0 |    505 |   2 |  323.5 |
               +--------+--------+--------+--------+--------+-----+--------+

Top non-repeatable levels by time:
     D:1: 595 daAuts
     D:2: 51 daAuts
